 Dungeon Crawl Stone Soup version 0.22.1-1-ga44c0e5 (webtiles) character file.

15810 brandon the Cleaver (level 12, -6/110 HPs)
             Began as a Minotaur Berserker on Oct 1, 2018.
             Was a High Priest of Trog.
             Mangled by a skeletal warrior
             ... wielding a +0 short sword
              (13 damage)
             ... on level 11 of the Dungeon.
             The game lasted 00:28:35 (11303 turns).

brandon the Cleaver (Minotaur Berserker)           Turns: 11303, Time: 00:28:37

Health: -6/110     AC: 18    Str: 23    XL:     12   Next: 4%
Magic:  20/20      EV: 14    Int:  7    God:    Trog [*****.]
Gold:   863        SH:  0    Dex: 14    Spells: 11/11 levels left

rFire    . . .     SeeInvis .   L - +7 quarterstaff (protect)
rCold    . . .     Gourm    .   (shield currently unavailable)
rNeg     . . .     Faith    .   B - +0 shadow dragon scales
rPois    .         Spirit   .   M - +1 hat {Int+3}
rElec    .         Reflect  .   (no cloak)
rCorr    .         Harm     .   (no gloves)
MR       .....                  m - +1 pair of boots
Stlth    ++........             (no amulet)
HPRegen  0.28/turn              i - ring of magical power
MPRegen  0.17/turn              t - +3 ring of slaying

@: berserk cooldown, slowed, very slow
A: retaliatory headbutt, horns 2
a: Berserk, Trog's Hand, Brothers in Arms, Renounce Religion


You were on level 11 of the Dungeon.
You worshipped Trog.
Trog was extremely pleased with you.
You were very hungry.

You visited 1 branch of the dungeon, and saw 12 of its levels.
You also visited: Bailey and Ice Cave.

You collected 863 gold pieces.

Inventory:

Hand Weapons
 s - a +5 battleaxe
 C - a +1 war axe of electrocution
 L - a +7 quarterstaff of protection (weapon)
Missiles
 z - 5 tomahawks of returning (quivered)
Armour
 m - a +1 pair of boots (worn)
 B - +0 shadow dragon scales (worn)
 M - a +1 hat of intelligence (worn)
 N - a +0 shield
Jewellery
 i - a ring of magical power (left hand)
 t - a +3 ring of slaying (right hand)
 E - an uncursed ring of stealth {unknown}
Wands
 r - a wand of digging (12)
 v - a wand of flame (30)
 w - a wand of random effects (22)
 G - a wand of enslavement (17)
 O - a wand of polymorph (4)
Scrolls
 a - a scroll of fear {unknown}
 d - 10 scrolls of remove curse
 g - a scroll of fog {unknown}
 k - 8 scrolls of identify {unknown}
 l - a scroll of enchant armour {unknown}
 o - 3 scrolls of amnesia {unknown}
 p - a scroll of noise {unknown}
 y - 6 scrolls of teleportation {unknown}
 D - a scroll of enchant weapon {unknown}
 F - a scroll of vulnerability {unknown}
 H - a scroll of summoning {unknown}
Potions
 b - 3 potions of agility {unknown}
 e - 6 potions of curing
 f - 3 potions of flight {unknown}
 h - a potion of mutation {unknown}
 n - a potion of invisibility {unknown}
 q - 2 potions of haste {unknown}
 u - 2 potions of ambrosia {unknown}
 x - a potion of degeneration {unknown}
 A - 2 potions of might {unknown}
 I - a potion of brilliance {unknown}
 J - a potion of berserk rage {unknown}
 K - a potion of lignification {unknown}
Comestibles
 c - 16 rations


   Skills:
 + Level 11.0 Fighting
 * Level 14.6 Axes
 + Level 11.0 Armour
 + Level 9.9 Dodging


You had 11 spell levels left.
You didn't know any spells.
Your spell library was empty.

Dungeon Overview and Level Annotations

Branches:
Dungeon (12/15)            Temple (0/1) D:5
   Lair: D:8-11         Orc: D:9-12

Altars:
Ashenzari
Dithmenos
Fedhas
Gozag
Hepliaklqana
Makhleb
Nemelex Xobeh
Okawaru
Qazlal
Ru
Sif Muna
Uskayaw
Wu Jian
Zin
The Shining One


Innate Abilities, Weirdness & Mutations

You reflexively headbutt those who attack you in melee.
You have a pair of horns on your head.


Message History

Your shadow dragon scales prevents you from hitting the skeletal warrior.
You headbutt the skeletal warrior, but do no damage.
The skeletal warrior is lightly damaged.
Your two-headed ogre hits the skeletal warrior with a giant club!!
Your two-headed ogre hits the skeletal warrior with a giant spiked club!
The skeletal warrior hits your two-headed ogre with a trident!!
Your two-headed ogre dies!
Your two-headed ogre's corpse disappears in a puff of smoke!
The centaur zombie misses you. The skeletal warrior misses you.
The centaur zombie hits you.
* * * LOW HITPOINT WARNING * * *
The skeletal warrior closely misses you.
The centaur zombie barely misses you. You furiously retaliate!
You headbutt the centaur zombie!
Your two-headed ogre goes berserk!
You are feeling very hungry.
The skeletal warrior hits you from afar with a trident!
* * * LOW HITPOINT WARNING * * *
The skeletal warrior hits you with a short sword!
You die...

...([....#####.............
.()[..>(.......##..#.......
.(....##.#...<....#.#....#
..÷...##.........#..)#...
(((((.##.#...#(#..#)#..#
............##..#..#..##
........((.####.z((...#
......#..### #Zzz†...##
.........(. #.@OK.K.....
..........#[.............#
.....###.....%...........#
.....................#...#
..#...# ....)............#
.............####
.....>.......#
..............


You could see 3 skeletal warriors, a big kobold, a centaur zombie, a kobold and
a friendly two-headed ogre (berserk).

Vanquished Creatures
  Gastronok (D:10)
  Harold (D:7)
  The ghost of Malog the Blocker, a novice OpWz of Gozag (D:7)
  The ghost of MalarOregon the Firebug, a novice HOFE of Yredelemnul (D:8)
  An unseen horror (D:10)
  Joseph (D:9)
  A gargoyle (D:11)
  2 trolls
  A hippogriff (D:11)
  A shadow (D:12)
  Sigmund (D:5)
  4 wraiths (D:8)
  6 spriggans (D:9)
  11 yaks
  A hungry ghost (D:7)
  An acid dragon (D:10)
  8 orc warriors
  3 phantoms
  A black bear (D:11)
  2 eyes of draining
  A necrophage (D:8)
  2 sky beasts (D:6)
  3 ice beasts
  6 ogres
  A wolf (D:10)
  4 centaurs
  6 bullfrogs
  7 scorpions
  5 killer bees
  5 wights (D:4)
  4 crimson imps
  2 howler monkeys
  2 quasits
  A centaur zombie (D:9)
  2 jellies
  2 hounds
  6 orc priests
  A bullfrog skeleton (D:7)
  2 centaur skeletons
  17 orc wizards
  4 iguanas
  5 worker ants
  A killer bee zombie (D:9)
  A howler monkey zombie (D:7)
  7 gnolls
  A howler monkey skeleton (D:9)
  18 adders
  2 adder skeletons
  3 worms
  A dart slug (D:1)
  5 leopard geckos
  65 orcs
  6 bats
  10 goblins
  10 hobgoblins
  13 jackals
  17 kobolds
  3 quokkas
  A ball python (D:4)
  A ball python skeleton (D:5)
  3 frilled lizards
  A jackal skeleton (D:8)
  A leopard gecko skeleton (D:5)
  A quokka skeleton (D:6)
  10 rats
  A fungus (D:3)
  A plant (D:3)
320 creatures vanquished.

Vanquished Creatures (collateral kills)
  A hydra (D:11)
  A skeletal warrior (D:11)
  2 trolls (D:10)
  A wyvern (D:11)
  Grum (D:10)
  A sky beast (D:10)
  An ogre (D:11)
  A wolf (D:10)
  3 killer bees (D:6)
  2 orcs (D:6)
14 creatures vanquished.

Grand Total: 334 creatures vanquished

Notes
Turn   | Place    | Note
-------+----------+-------------------------------------------
     0 | D:1      | brandon the Minotaur Berserker began the quest for the Orb.
     0 | D:1      | Reached XP level 1. HP: 19/19 MP: 0/0
   228 | D:1      | Reached XP level 2. HP: 26/27 MP: 1/1
   231 | D:1      | Reached skill level 4 in Axes
   763 | D:2      | Reached XP level 3. HP: 19/33 MP: 2/2
   765 | D:2      | Noticed a bullfrog
  1056 | D:2      | Reached XP level 4. HP: 24/40 MP: 3/3
  1061 | D:2      | Reached skill level 5 in Axes
  1302 | D:2      | Reached XP level 5. HP: 30/47 MP: 4/4
  1329 | D:2      | Found a burning altar of Makhleb.
  1333 | D:2      | Noticed a blizzard demon
  1334 | D:2      | Found a glowing silver altar of Zin.
  1334 | D:2      | Noticed an angel
  1656 | D:2      | Reached ** piety under Trog
  1677 | D:2      | Found an ornate altar of the Wu Jian Council.
  1922 | D:3      | Reached XP level 6. HP: 41/55 MP: 5/5
  2290 | D:3      | Reached skill level 6 in Axes
  2527 | D:3      | Reached skill level 5 in Fighting
  3139 | D:3      | Found a stormy altar of Qazlal.
  3155 | D:3      | Found a blossoming altar of Fedhas.
  3192 | D:3      | Reached *** piety under Trog
  3599 | D:4      | Noticed a dagger
  3615 | D:4      | Reached XP level 7. HP: 42/61 MP: 6/6
  3623 | D:4      | Noticed a dagger
  3626 | D:4      | Found a hide-covered altar of Uskayaw.
  3673 | D:4      | Reached skill level 7 in Axes
  3850 | D:4      | Reached skill level 5 in Armour
  4354 | D:5      | Entered Level 5 of the Dungeon
  4358 | D:5      | Found a sacrificial altar of Ru.
  4547 | D:5      | Reached skill level 8 in Axes
  4547 | D:5      | Reached skill level 5 in Dodging
  4547 | D:5      | Reached XP level 8. HP: 58/70 MP: 7/7
  4606 | D:5      | Reached **** piety under Trog
  4616 | D:5      | Found a staircase to the Ecumenical Temple.
  4653 | D:5      | Noticed Sigmund
  4669 | D:5      | Killed Sigmund
  4989 | D:5      | Reached skill level 9 in Axes
  5404 | D:6      | Found a shattered altar of Ashenzari.
  5487 | D:6      | Reached XP level 9. HP: 47/79 MP: 8/8
  5943 | D:6      | Reached skill level 10 in Axes
  6188 | D:6      | Found a hazy altar of Hepliaklqana.
  6572 | D:7      | Noticed Harold
  6584 | D:7      | Killed Harold
  6584 | D:7      | Reached skill level 11 in Axes
  6778 | D:7      | Found an iron altar of Okawaru.
  6878 | D:7      | Reached XP level 10. HP: 87/90 MP: 9/9
  6953 | D:7      | Reached ***** piety under Trog
  7032 | D:7      | Found a runed door.
  7033 | D:7      | Noticed Malog's ghost (novice OpWz)
  7056 | D:7      | Killed Malog's ghost
  7625 | D:8      | Found an opulent altar of Gozag.
  7625 | D:8      | Found a sparkling altar of Nemelex Xobeh.
  7671 | D:8      | Found a flagged portal.
  7685 | Bailey   | Entered a bailey
  7838 | Bailey   | Found a bloodstained altar of Trog.
  8751 | D:8      | Found a runed gate.
  8751 | D:8      | Found a runed gate.
  8752 | D:8      | Found a runed gate.
  8760 | D:8      | Noticed MalarOregon's ghost (novice HOFE)
  8771 | D:8      | Reached skill level 12 in Axes
  8775 | D:8      | Killed MalarOregon's ghost
  9246 | D:9      | Reached XP level 11. HP: 76/99 MP: 10/10
  9435 | D:9      | Reached skill level 13 in Axes
  9499 | D:9      | Received a gift from Trog
  9585 | D:9      | Found a shadowy altar of Dithmenos.
  9586 | D:9      | Noticed Joseph
  9595 | D:9      | Killed Joseph
  9595 | D:9      | Reached skill level 10 in Fighting
  9812 | D:9      | Found a glowing golden altar of the Shining One.
  9975 | D:9      | Found a deep blue altar of Sif Muna.
 10132 | D:10     | Entered Level 10 of the Dungeon
 10166 | D:10     | Reached skill level 10 in Armour
 10453 | D:10     | Noticed Gastronok
 10465 | D:10     | Killed Gastronok
 10581 | D:10     | Killed an unseen horror
 10667 | D:10     | Noticed Grum
 10677 | D:10     | Killed Grum
 10819 | D:11     | Reached skill level 14 in Axes
 11238 | D:11     | Paralysed by an orc warrior for 6 turns
 11266 | D:11     | Found a frozen archway.
 11270 | D:11     | Noticed a skeletal warrior
 11272 | D:11     | Noticed a skeletal warrior
 11273 | D:11     | Noticed a skeletal warrior
 11276 | IceCv    | Entered an ice cave
 11276 | IceCv    | Noticed a white ugly thing
 11280 | D:11     | Noticed a six-headed hydra
 11280 | D:11     | Noticed a skeletal warrior
 11291 | D:11     | Killed a six-headed hydra
 11292 | D:11     | Killed a skeletal warrior
 11292 | D:11     | Reached XP level 12. HP: 32/110 MP: 11/11
 11303 | D:11     | Mangled by a skeletal warrior

Skill      XL: |  1  2  3  4  5  6  7  8  9 10 11 |
---------------+----------------------------------+-----
Axes           | 4 5 6 8 9 11 12 14 | 14.6
Fighting       | 4 5 6 7 8 9 11 | 11.0
Armour         | 3 4 5 6 8 9 11 | 11.0
Dodging        | 3 4 5 6 7 8 9 |  9.9

Action                   |  1- 3 |  4- 6 |  7- 9 | 10-12 || total
-------------------------+-------+-------+-------+-------++-------
Melee: Hand axe          |    37 |    78 |       |       ||   115
       Headbutt          |     6 |    19 |    37 |    36 ||    98
       War axe           |       |    65 |     7 |       ||    72
       Battleaxe         |       |       |   180 |   215 ||   395
       Halberd           |       |       |    19 |       ||    19
       Quarterstaff      |       |       |       |     5 ||     5
Throw: Tomahawk          |       |       |       |    23 ||    23
Invok: Berserk           |     1 |     3 |     8 |     5 ||    17
       Brothers in Arms  |       |       |     2 |     4 ||     6
  Use: Scroll            |       |     1 |     1 |       ||     2
       Potion            |       |       |     2 |     1 ||     3
 Stab: Sleeping          |       |       |       |     4 ||     4
  Eat: Chunk             |       |    12 |     8 |     7 ||    27
       Ration            |       |       |     3 |     4 ||     7
Armor: Animal skin       |     6 |    10 |       |       ||    16
       Plate armour      |       |    29 |   189 |    51 ||   269
       Shadow dragon sca |       |       |       |   109 ||   109
Dodge: Dodged            |    38 |    96 |   114 |   199 ||   447
